cohdb
Replays
Latest Replays
All Replays
Popular Replays
Top Player Replays
Match Explorer
How It Works
Community
CoH3 Stats
Reddit
Sign in to upload your games and track your stats! →
Sign in with Steam
Match 45274538
Unlisted
Match 45274538
Overview
Messages
Build Orders
End
Pioneer Squad
Selects Mechanized Battlegroup
Construct Infanterie Kompanie
MG 42 Machine Gun Team
Grenadier Squad
GrW 34 Mortar Team
Grenadier Squad
Construct Luftwaffe Kompanie
221 Scout Car
Selects Raid Package
Medical Bunker
Jäger Squad
Luftwaffe Officer Quarters
Selects StuG Assault Group
StuG Assault Group
Jäger Squad
Selects Mobile Repair Stations
Selects Wespe Self-propelled Artillery
Wespe Self-propelled Artillery
Construct Panzer Kompanie
Selects UNKNOWN (2160084)
Panther Heavy Tank
Selects Zeroing Artillery Barrage
Panther Heavy Tank
Zeroing Artillery Barrage
Wespe Self-propelled Artillery
Showdawg
Polka_Pete
0
0
Comments
sign in to comment!
No comments posted yet!